 Dungeon Crawl Stone Soup version 0.28.0-53-g5a82cb258f (webtiles) character file.

Game seed: 12172296402143871966

196 styxcanada the Covert (level 5, -10/26 HPs)
             Began as a Spriggan Brigand on Aug 20, 2022.
             Killed from afar by Pikel (36 damage)
             ... with a bolt of acid
             ... on level 4 of the Dungeon on Aug 21, 2022.
             The game lasted 00:13:06 (3734 turns).

styxcanada the Covert (Spriggan Brigand)            Turns: 3734, Time: 00:13:06

Health: -10/26     AC:  3    Str:  7    XL:     5   Next: 45%
Magic:  6/6        EV: 32    Int: 13    God:
Gold:   172        SH:  0    Dex: 18    Spells: 4/4 levels left

rFire   . . .      SeeInvis +   z - +3 dagger
rCold   . . .      Faith    .   (no shield)
rNeg    . . .      Spirit   .   b - +0 robe
rPois   .          Reflect  .   (helmet restricted)
rElec   .          Harm     .   c - +0 cloak
rCorr   .          Rampage  .   (gloves unavailable)
Will    .....                   (boots unavailable)
Stlth   ++++......              g - amulet of the acrobat
HPRegen 0.08/turn               (no ring)
MPRegen 0.10/turn               (no ring)

@: acrobatic, very quick
A: very small, no large weapons, unfitting armour, see invisible, speed 3
a: no special abilities


You were on level 4 of the Dungeon.
You visited 1 branch of the dungeon, and saw 4 of its levels.

You collected 172 gold pieces.

Inventory:

Hand Weapons
 a - a +2 dagger
 u - a +0 hunting sling
 z - a +3 dagger (weapon)
Missiles
 d - 11 poisoned darts (quivered)
 e - 2 curare-tipped darts
 h - 4 boomerangs of dispersal
 j - 73 stones
Armour
 b - a +0 robe (worn)
 c - a +0 cloak (worn)
Jewellery
 g - an amulet of the acrobat (around neck)
 s - an amulet of faith
Scrolls
 f - 2 scrolls of enchant armour {unknown}
 l - a scroll of noise {unknown}
 o - a scroll of immolation {unknown}
 r - a scroll of teleportation {unknown}
 v - a scroll of blinking {unknown}
 y - a scroll of fog {unknown}
Potions
 i - a potion of mutation
 k - 2 potions of lignification
 m - 3 potions of flight
 p - 3 potions of curing
 q - a potion of ambrosia {unknown}
 t - a potion of might {unknown}
 w - 2 potions of invisibility {unknown}
 x - 2 potions of resistance {unknown}


   Skills:
 * Level 2.1 Fighting
 + Level 3.7 Short Blades
 + Level 2.2 Throwing
 * Level 2.4 Dodging
 * Level 8.3 Stealth


You had 4 spell levels left.
You didn't know any spells.
Your spell library contained the following spells:

 Spells                   Type           Power      Damage    Failure   Level
 Animate Skeleton         Necr           0%         N/A       30%         1
 Apportation              Tloc           0%         N/A       30%         1
 Summon Small Mammal      Summ           0%         N/A       30%         1
 Corpse Rot               Necr/Air       0%         N/A       43%         2
 Dispel Undead            Necr           0%         3d6       97%         4
 Death Channel            Necr           0%         N/A       100%        6


Dungeon Overview and Level Annotations

Branches:
Dungeon (4/15)
 Temple: D:4-7

Altars:
Wu Jian
The Shining One

Annotations:
D:4 Pikel


Innate Abilities, Weirdness & Mutations

You are very small and have problems with some larger weapons.
You are too small for most types of armour.
You have supernaturally acute eyesight. (SInv)
You cover ground extremely quickly. (Speed+++)


Message History

You start waiting.
Done waiting.
Found a fizzy red potion.
w - 2 fizzy red potions (gained 1)
As you read the scroll labelled NALERGH NEEK, it crumbles to dust.
It is a scroll of identify.
i - a potion of mutation
As you read the scroll of identify, it crumbles to dust.
k - 2 potions of lignification
As you read the scroll of identify, it crumbles to dust.
m - 3 potions of flight
As you read the scroll of identify, it crumbles to dust.
n - a potion of degeneration You drop a potion of degeneration.
Okay, then.
As you read the scroll of identify, it crumbles to dust.
p - 3 potions of curing Unknown command.
Found a stone staircase leading down.
Found a stone staircase leading up.
Found 4 boomerangs of dispersal.
There is a stone staircase leading up here.
You see here 4 boomerangs of dispersal.
h - 4 boomerangs of dispersal A quokka and a hobgoblin come into view. 2 lemures come into view.
The lemure shouts!
You hear a shout!
The lemure moves out of view.
Pikel, Merchant of Souls comes into view.
He is wielding a +2 whip of flaming, wearing a +0 robe of cold resistance and carrying a wand of acid (6).
The lemure shouts!
The hobgoblin shouts!
You hit the quokka.
The quokka is moderately wounded.
The quokka misses you.
You hit the quokka.
You kill the quokka! 2 lemures come into view.
You see here a quokka corpse.
Pikel zaps a wand.
The bolt of acid hits you!!!
Ouch! That really hurt!
You die...

#.≈..5..≈##
......5.≈≈####≈
#.......≈≈≈≈≈≈. ###
#....K5........ ..#
#..≈≈......... #.#
#..≈......... #.###
####5..g.......
#...#######.....†....≈...
###.........####@...≈#≈..
######....### ##.######
.......##.######..####
!########............# ##
#...........#
###..........#
#....<.......# ##
##.############ .###
##..#


You could see Pikel, 3 lemures and a hobgoblin.

Vanquished Creatures
  A hound (D:4)
  6 adders
  3 gnolls (D:2)
  A worm (D:2)
  2 dart slugs
  3 orcs (D:3)
  2 ball pythons
  3 bats
  6 endoplasms
  A giant cockroach (D:2)
  8 goblins
  8 hobgoblins
  8 jackals (D:3)
  3 kobolds (D:3)
  4 quokkas
  2 frilled lizards
  11 rats
72 creatures vanquished.

Notes
Turn   | Place    | Note
-------+----------+-------------------------------------------
     0 | D:1      | styxcanada the Spriggan Brigand began the quest for the
                  | Orb.
     0 | D:1      | Reached XP level 1. HP: 10/10 MP: 2/2
    95 | D:1      | Reached skill level 6 in Stealth
   286 | D:1      | Reached XP level 2. HP: 14/14 MP: 3/3
   365 | D:1      | Found a faded altar of an unknown god.
   963 | D:2      | Reached XP level 3. HP: 18/18 MP: 4/4
  1137 | D:2      | Reached skill level 7 in Stealth
  1593 | D:2      | Reached XP level 4. HP: 23/23 MP: 5/5
  2713 | D:3      | Reached XP level 5. HP: 19/26 MP: 6/6
  2857 | D:3      | Found an ornate altar of the Wu Jian Council.
  2859 | D:3      | Reached skill level 8 in Stealth
  3350 | D:3      | Found a glowing golden altar of the Shining One.
  3729 | D:4      | Noticed a lemure
  3729 | D:4      | Noticed a lemure
  3730 | D:4      | Noticed Pikel
  3733 | D:4      | Noticed a lemure
  3733 | D:4      | Noticed a lemure
  3734 | D:4      | Killed from afar by Pikel

Illustrated notes

Levels and vault maps discovered:
D:1:      dpeg_arrival_central, layout_rooms,
          hellmonk_ecumenical_altar_lost_god, kennysheep_pointless_box
D:2:      layout_loops_cross, serial_forest, infiniplex_forest_join,
          infiniplex_forest_fountain, infiniplex_forest_split,
          infiniplex_forest_clump_tiny, infiniplex_forest_clump_tiny,
          infiniplex_forest_lined_corner
D:3:      layout_basic, tso_altar, mainiacjoe_overflow_brackets
D:4:      layout_rooms, kennysheep_decorative_pillar, uniq_grinder, uniq_pikel

Skill      XL: |  1  2  3  4  5 |
---------------+----------------+-----
Stealth        | 6 7 8 |  8.3
Short Blades   | 3 |  3.7
Dodging        | 2 |  2.4
Fighting       | 2 |  2.1
Throwing       | |  2.2

Action                   |  1- 3 |  4- 6 || total
-------------------------+-------+-------++-------
Melee: Dagger            |    93 |   129 ||   222
       Punch             |       |     1 ||     1
Throw: Dart              |     9 |    17 ||    26
  Use: Scroll            |       |     5 ||     5
 Stab: Sleeping          |    11 |    14 ||    25
       Distracted        |     2 |       ||     2
Armor: Robe              |    13 |    14 ||    27
Dodge: Dodged            |    40 |    97 ||   137
